 Dungeon Crawl Stone Soup version 0.30-a0-847-g17996783a1 (webtiles) character file.

Game seed: 4037360649045702133

25 Nonny the Sneak (level 2, 0/22 HPs)
             Began as a Minotaur Earth Elementalist on Mar 3, 2023.
             Slain by a kobold
             ... wielding a +0 club
              (3 damage)
             ... on level 3 of the Dungeon.
             The game lasted 00:06:46 (889 turns).

Nonny the Sneak (Minotaur Earth Elementalist)        Turns: 889, Time: 00:06:47

Health: 0/22       AC:  8    Str: 12    XL:     2   Next: 82%
Magic:  3/3        EV:  5    Int: 12    God:
Gold:   60         SH:  0    Dex: 10    Spells: 2/3 levels left

rFire   . . .      SeeInvis .    (no weapon)
rCold   . . .      Faith    .    (no shield)
rNeg    . . .      Spirit   .    f - +0 chain mail
rPois   .          Reflect  .    (helmet restricted)
rElec   .          Rampage  .    (no cloak)
rCorr   .                        (no gloves)
Will    .....                    (no boots) Stlth
                                 (no amulet)
HPRegen 0.23/turn                (no ring)
MPRegen 0.08/turn                (no ring)

@: weak-willed
A: horns 2, retaliatory headbutt
a: no special abilities


You were on level 3 of the Dungeon.
You visited 1 branch of the dungeon, and saw 3 of its levels.

You collected 60 gold pieces.

Inventory:

Armour
 f - a +0 chain mail (worn)
Scrolls
 d - 2 scrolls of identify
Potions
 a - a potion of mutation
 b - a potion of magic
 g - a potion of haste {unknown}
 h - a potion of attraction {unknown}
 i - a potion of resistance {unknown}


   Skills:
 + Level 0.4 Fighting
 + Level 1.1 Armour
 - Level 2.1 Dodging
 * Level 2.7 Stealth
 - Level 1.3 Spellcasting
 - Level 0.7 Transmutations
 - Level 2.4 Earth Magic


You had 2 spell levels left.
You knew the following spells:

 Your Spells              Type           Power      Damage    Failure   Level
a - Sandblast             Erth           12%        2d6       99%         1

Your spell library contained the following spells:

 Spells                   Type           Power      Damage    Failure   Level
 Apportation              Tloc           0%         N/A       100%        1
 Necrotise                Necr           0%         1d4       100%        1
 Summon Small Mammal      Summ           0%         N/A       100%        1
 Passwall                 Tmut/Erth      3%         N/A       100%        2
 Stone Arrow              Conj/Erth      6%         3d7       100%        3
 Passage of Golubria      Tloc           0%         N/A       100%        4
 Petrify                  Tmut/Erth      4%         N/A       100%        4
 Silence                  Hex/Air        0%         N/A       100%        5
 Lehudib's Crystal Spear  Conj/Erth      1%         10d2      100%        8


Dungeon Overview and Level Annotations

Branches:
Dungeon (3/15)

Altars:


Innate Abilities, Weirdness & Mutations

You have a pair of horns on your head.
You reflexively headbutt those who attack you in melee.


Message History

An open gate.
Enter note:
Enter note: 7 kobolds behind a gate.
Press: ? - help, v - describe, . - travel
Here: a kobold, wielding a +0 club and quivering stones The floor.
Unknown command.
You miss the kobold. You headbutt the kobold.
You kill the kobold!
The kobold hits you but does no damage. The kobold hits you with a +0 whip.
The kobold hits you but does no damage.
Unknown command.
You hit the kobold.
The kobold is severely wounded.
The kobold hits you but does no damage. x4; The kobold hits you with a +0 whip.
Unknown command.
You hit the kobold but do no damage.
The kobold is severely wounded.
The kobold hits you but does no damage. x5
You barely miss the kobold. You headbutt the kobold.
You kill the kobold!
The kobold closely misses you. The kobold hits you but does no damage.
The kobold barely misses you. The kobold hits you but does no damage.
Your Armour skill increases to level 1!
You hit the kobold.
You kill the kobold!
The kobold hits you with a +0 club. The kobold hits you but does no damage.
The kobold hits you with a +0 short sword.
The kobold hits you but does no damage.
Things that are here:
a +0 dagger; 3 stones; a kobold corpse You hit the kobold but do no damage.
The kobold hits you but does no damage. x3
You barely miss the kobold. You headbutt the kobold.
You kill the kobold!
The kobold hits you with a +0 whip. The kobold barely misses you.
The kobold hits you with a +0 club. The kobold attacks as you move away!
The kobold hits you with a +0 whip.
* * * LOW HITPOINT WARNING * * *
The kobold completely misses you. The kobold hits you with a +0 club.
You die...

#. .. #....+
..###.#####....####
.......<.##.......#
......##.##.......#
.#### #.##[......#
#.##...$...# ##.#
#..KK.# #..## #)@K#
#...###'''##
#.#........#
#.###....### #.
###### .. .# #.


You could see 3 kobolds.

Vanquished Creatures
  2 dart slugs (D:1)
  5 ball pythons (D:1)
  A giant cockroach (D:1)
  2 hobgoblins (D:1)
  4 bats (D:1)
  A frilled lizard (D:2)
  5 kobolds
  2 rats (D:1)
22 creatures vanquished.

Vanquished Creatures (others)
  2 plants (D:1)
2 creatures vanquished.

Grand Total: 24 creatures vanquished

Notes
Turn   | Place    | Note
-------+----------+-------------------------------------------
     0 | D:1      | Nonny the Minotaur Earth Elementalist began the quest for
                  | the Orb.
     0 | D:1      | Reached XP level 1. HP: 14/14 MP: 1/1
   124 | D:1      | Starting vault: stone wall garden
   227 | D:1      | Chain mail in the east
   305 | D:1      | Reached XP level 2. HP: 7/22 MP: 3/3
   411 | D:1      | Book of Cantrips in the north.
   846 | D:2      | ZAIWEU UGOIC - vulnerability
   853 | D:2      | Book of the Moon
   866 | D:3      | ERRAGH AQIW LEMN - identify
   866 | D:3      | cyan potion - mutation
   867 | D:3      | DYOSUV ZOBIA - fear
   881 | D:3      | 7 kobolds behind a gate.
   885 | D:3      | Reached skill level 1 in Armour
   889 | D:3      | Slain by a kobold

Illustrated notes #..P####...........# #.♣P###.#..........# '.P###..#..........# ######.##..........# ##.....####...### ####....### #...# .......## #...# ......## #...# .###### #..@# .# #...# .# #...# ## ##### Turn 124 on D:1: Starting vault: stone wall garden ......# ......# ........# .......# .......# .......# ## ##....# #.# #@....# #.#####.....# ##+##...........# ######.........##....# ...............##....# ...............##....# ...........######....# .......###.######....######## .......# #.....#............# Turn 227 on D:1: Chain mail in the east

#.#....#.#
#.#.....#
#.#.####.#
#.#.###.# #.#.#
#.# #.#......
#.#.# #.#
#.#.##### #.#.#
#.# #.#......
######'#.## #.#
#.#......
..........# #.#
#.#......
..........# #.#
#.#.#####
..$......@# #.#
#.#.###.#
######+#+## #.#
#.#......
#.####.#######
#.............
#######.#######
.......>.......
######.#.#######
.........#
########'#'###


Turn 411 on D:1: Book of Cantrips in the north. ?. ... . ... ##. .. #....
#.#####.#. #......>. # ........#.# #@..# #.### #.. #### Turn 846 on D:2: ZAIWEU
UGOIC - vulnerability ## ##......... .. .......... #. .......... #.##.........
#.?.........< #........... ##....l...... #....@.# #.#####.#....# #......>..##.#
........#.# .# #######<..# .# #.### .# #.. .. #### ## Turn 853 on D:2: Book of
the Moon # #. .. ..###.#### .......@.# ......##.# .#### .# .# .# .# .. #. Turn
866 on D:3: ERRAGH AQIW LEMN - identify # #. .. ..###.#### .......@.# ......##.#
.#### .# .# .# .# .. #. Turn 867 on D:3: DYOSUV ZOBIA - fear #. .. #....+
..###.#####....#### .......<.##.......# ......##.##.......# .#### #.##[......#
#.##..K$...# ##.# #.KKKK# #..## #K@K# #...###'''## #.#........# #.###....### #.
###### .. .# #. Turn 881 on D:3: 7 kobolds behind a gate.

Levels and vault maps discovered:
D:1:      denvon_arrival_planthouse, layout_basic
D:2:      layout_basic, uniq_terence, uniq_robin
D:3:      cheibrodos_fertilizer, layout_loops_cross, yredelemnul_altar_generic,
          nrook_mini_backslash, chequers_decorated_corner

Skill      XL: |  1  2 |
---------------+-------+-----
Stealth        | 2 |  2.7
Armour         | 1 |  1.1
Fighting       | |  0.4
Dodging        | |  2.1
Spellcasting   | |  1.3
Transmutations | |  0.7
Earth Magic    | |  2.4

Action                     || total
---------------------------++-------
  Melee: Unarmed           ||    77
         Headbutt          ||    20
         Punch             ||     2
    Use: Scroll            ||     3
 Armour: Ring mail         ||     4
         Chain mail        ||    57
  Dodge: Dodged            ||    34

Table legend: (Time is in decaauts)
 A = Elapsed time spent in this place.
 B = Non-inter-level travel time spent in this place.
 C = Inter-level travel time spent in this place.
 D = Time resting spent in this place.
 E = Time spent auto-exploring this place.
 F = Levels seen in this place.
 G = Mean time per level.
                   A        B        C        D        E       F      G
               +--------+--------+--------+--------+--------+-----+--------+
         Total |    888 |    814 |     74 |      0 |     82 |   3 |  296.0 |
       Dungeon |    888 |    814 |     74 |      0 |     82 |   3 |  296.0 |
               +--------+--------+--------+--------+--------+-----+--------+

Top non-repeatable levels by time:
     D:1: 844 daAuts
     D:3: 24 daAuts
     D:2: 19 daAuts
